AoeStats
← jerry2928095

Arena

515645857Analyzed
4v4 RM · 14d ago on Oct 23, 2026· 42m 27s· 8 players
Game mode
Random Map
Map size
Large (8 player)
Population
200
Speed
Normal
Resources
Standard
Victory
Conquest
Starting age
Dark Age
Ending age
Imperial Age
RankedLock teamsTeams togetherTeam positionsShared explorationLock speedFull tech treeHidden civsTurbo modeCheats
Victory
Defeat
🇹🇼 Saracens · Taiwan
1568
+9
🇹🇼 Bohemians · Taiwan
1490
+11
🇹🇼 Franks · Taiwan
1430
+14
🇹🇼 Persians · Taiwan
1312
+19
vs
🇹🇼 Malay · Taiwan
1506
-18
🇦🇺 Spanish · Australia
1397
-14
🇨🇳 Britons · China
1271
-9
平生不修善果 只爱石油军火
9:20 Loom
11:11 Feudal Age
12:37 Double-Bit Axe
15:16 Castle Age
13:19 Horse Collar
15:44 Town Watch
16:49 Bow Saw
17:24 Wheelbarrow
19:59 Gold Mining
22:41 Stone Mining
25:13 Heavy Plow
27:24 Hand Cart
30:08 Imperial Age
30:16 Stone Shaft Mining
29:22 Pikeman
30:02 Squires
30:03 Scale Mail Armor
30:13 Forging
30:09 Scale Barding Armor
30:19 Fortified Wall
31:17 Ballistics
31:14 Chain Mail Armor
31:25 Halberdier
32:38 Arrowslits
33:54 Chemistry
33:01 Siege Engineers
33:07 Masonry
33:41 Conscription
34:35 Two-Man Saw
34:25 Crenellations
35:39 Bombard Tower
35:25 Siege Engineers
35:30 Masonry
37:31 Fletching
38:12 Plate Mail Armor
38:18 Iron Casting
37:35 Heavy Scorpion
39:46 Padded Archer Armor
39:41 Bodkin Arrow
老头
11:03 Feudal Age
15:25 Castle Age
13:32 Double-Bit Axe
13:57 Horse Collar
19:41 Gold Mining
20:09 Bow Saw
21:06 Loom
23:14 Wheelbarrow
24:03 Stone Mining
26:10 Hand Cart
27:54 Gold Shaft Mining
31:35 Imperial Age
28:42 Pikeman
29:23 Squires
29:09 Gambesons
29:40 Padded Archer Armor
29:31 Fletching
30:37 Leather Archer Armor
30:51 Yeomen
31:02 Bodkin Arrow
31:30 Scale Mail Armor
31:41 Forging
31:54 Ballistics
32:00 Halberdier
32:08 Elite Longbowman
33:12 Conscription
33:54 Chemistry
32:58 Bracer
33:29 Ring Archer Armor
35:18 Chain Mail Armor
35:39 Iron Casting
38:33 Plate Mail Armor
TW_Picar
8:49 Feudal Age
7:21 Loom
10:12 Fletching
12:53 Double-Bit Axe
18:29 Horse Collar
21:07 Wheelbarrow
24:17 Castle Age
23:57 Bodkin Arrow
24:13 Bow Saw
24:11 Heavy Plow
25:31 Forging
30:43 Imperial Age
30:47 Hand Cart
36:55 Gold Mining
36:55 Stone Mining
37:38 Crop Rotation
39:44 Bracer
39:44 Padded Archer Armor
40:02 Elite Skirmisher
42:24 Leather Archer Armor
JTownThunder
10:06 Feudal Age
15:26 Castle Age
13:15 Loom
13:30 Double-Bit Axe
15:42 Horse Collar
17:12 Bow Saw
17:47 Loom
18:37 Wheelbarrow
23:50 Heavy Plow
24:42 Gold Mining
28:32 Padded Archer Armor
28:57 Husbandry
29:08 Bloodlines
32:56 Imperial Age
31:05 Leather Archer Armor
30:52 Light Cavalry
32:33 Fletching
34:00 Elite Conquistador
34:55 Scale Barding Armor
烏雲中
10:20 Feudal Age
14:07 Castle Age
13:04 Double-Bit Axe
16:46 Bow Saw
18:02 Loom
21:05 Wheelbarrow
20:52 Gold Mining
27:01 Imperial Age
24:41 Scale Barding Armor
25:53 Hand Cart
27:02 Chain Barding Armor
26:53 Forging
26:44 Town Watch
27:23 Cavalier
28:03 Husbandry
28:41 Plate Barding Armor
30:01 Iron Casting
30:55 Chemistry
30:03 Siege Engineers
30:37 Paladin
31:41 Conscription
33:26 Blast Furnace
32:18 Fletching
36:14 Bodkin Arrow
38:23 Gold Shaft Mining
39:51 Town Patrol
41:01 Padded Archer Armor
40:57 Treadmill Crane
41:16 Murder Holes
好警察
7:12 Loom
9:28 Feudal Age
10:38 Double-Bit Axe
13:46 Castle Age
11:44 Double-Bit Axe
12:32 Horse Collar
16:19 Bow Saw
19:23 Gold Mining
20:49 Wheelbarrow
24:49 Hand Cart
28:35 Imperial Age
26:55 Scale Barding Armor
27:02 Heavy Plow
27:40 Gold Shaft Mining
27:32 Bimaristan
27:14 Town Watch
29:11 Chain Barding Armor
29:44 Conscription
30:38 Plate Barding Armor
30:14 Forging
31:42 Two-Man Saw
30:45 Stone Mining
31:17 Bloodlines
31:07 Husbandry
32:13 Elite Mameluke
34:02 Iron Casting
33:55 Light Cavalry
34:59 Siege Engineers
34:50 Fletching
36:05 Blast Furnace
39:01 Fletching
39:37 Ballistics
40:18 Chemistry
高德納
10:39 Feudal Age
12:54 Wheelbarrow
12:04 Loom
13:27 Fletching
16:40 Castle Age
16:45 Fletching
22:05 Double-Bit Axe
23:38 Town Watch
28:28 Wheelbarrow
28:10 Fervor
29:36 Bow Saw
35:29 Imperial Age
33:37 Horse Collar
35:50 Chemistry
37:06 Bodkin Arrow
39:12 Heavy Plow
jerry2928095
10:13 Feudal Age
11:48 Double-Bit Axe
14:43 Castle Age
12:33 Loom
13:23 Wheelbarrow
12:38 Horse Collar
16:31 Bow Saw
20:14 Heavy Plow
22:38 Wheelbarrow
23:02 Gold Mining
23:04 Stone Mining
28:12 Imperial Age
25:59 Hand Cart
26:15 Husbandry
27:06 Bloodlines
27:07 Scale Barding Armor
28:46 Chain Barding Armor
27:48 Cavalier
30:10 Plate Barding Armor
29:45 Forging
32:26 Town Watch
33:44 Two-Man Saw
33:15 Crop Rotation
33:23 Iron Casting
32:49 Scale Mail Armor
32:52 Padded Archer Armor
34:00 Chemistry
33:42 Devotion
33:08 Savar
34:19 Conscription
36:34 Blast Furnace
35:50 Leather Archer Armor
38:27 Light Cavalry
39:09 Hussar
Connection lost

Rejoining the realm…

Still unreachable

The connection could not be restored.

Session expired

The server has moved on; the page needs a fresh start.